cohdb
Replays
Latest Replays
All Replays
Popular Replays
Top Player Replays
Match Explorer
How It Works
Community
CoH3 Stats
Reddit
Sign in to upload your games and track your stats! →
Sign in with Steam
Match 47326261
Unlisted
Match 47326261
Overview
Messages
Build Orders
End
Kradschützen Motorcycle Team
250 Light Carrier
Selects Italian Infantry
Panzergrenadier Squad
Panzergrenadier Squad
Construct Light Support Kompanie
Selects Defensive Operations
2.5-tonne Medical Truck
Panzergrenadier Squad
Selects Territory Booby Traps
Fire Support Elements
Panzerjäger Mechanized Group
Stepan Pantera
APACHE
Phoenix
Cjoffrey
Mowgli01
darkGweni
0
0
Comments
sign in to comment!
No comments posted yet!